 Dungeon Crawl Stone Soup version 0.23.2-1-ga50397a (webtiles) character file.

Game seed: 10670206156936546159

8379 Fang the Fighter (level 11, -3/108 HPs)
             Began as a Gargoyle Berserker on May 17, 2019.
             Was a High Priest of Trog.
             Slain by an iguana (5 damage)
             ... on level 10 of the Dungeon on May 20, 2019.
             The game lasted 00:14:54 (9608 turns).

Fang the Fighter (Gargoyle Berserker)               Turns: 9608, Time: 00:14:55

Health: -3/108     AC: 28    Str: 29    XL:     11   Next: 29%
Magic:  0/3        EV: 11    Int:  8    God:    Trog [*****.]
Gold:   540        SH:  0    Dex:  9    Spells: 10/10 levels left

rFire    . . .     SeeInvis .   n - +2 battleaxe (antimagic)
rCold    . . .     Gourm    .   (shield currently unavailable)
rNeg     + . .     Faith    .   b - +3 plate armour
rPois    ∞         Spirit   +   (no helmet)
rElec    +         Reflect  .   g - scarf {Spirit}
rCorr    .         Harm     .   u - +2 pair of gloves
MR       .....                  (no boots)
Stlth    ..........             h - amulet of the acrobat
HPRegen  0.28/turn              w - ring of stealth
MPRegen  0.08/turn              l - ring of flight

@: berserking, very quick
A: negative energy resistance 1, electricity resistance, unbreathing,
petrification resistance, rot immunity, AC +8
a: Berserk, Trog's Hand, Brothers in Arms, Renounce Religion, Evoke Flight


You were on level 10 of the Dungeon.
You worshipped Trog.
Trog was extremely pleased with you.
You were hungry.

You visited 2 branches of the dungeon, and saw 11 of its levels.

You collected 540 gold pieces.

Inventory:

Hand Weapons
 a - a +2 war axe
 n - a +2 antimagic battleaxe (weapon)
Armour
 b - a +3 plate armour (worn)
 g - a scarf of spirit shield (worn)
 u - a +2 pair of gloves (worn)
Jewellery
 h - an amulet of the acrobat (around neck)
 l - a ring of flight (right hand)
 t - an uncursed ring of positive energy
 w - a ring of stealth (left hand)
Wands
 v - a wand of iceblast (9)
 x - a wand of random effects (15)
Scrolls
 e - 4 scrolls of remove curse
 k - 3 scrolls of identify
 o - a scroll of fear
 r - 2 scrolls of teleportation
 z - 3 scrolls of blinking
Potions
 d - 6 potions of curing
 i - a potion of cancellation
 j - a potion of invisibility
 m - 3 potions of agility
 q - a potion of berserk rage
 s - 3 potions of mutation
Comestibles
 c - 18 rations
 f - 2 chunks of flesh


   Skills:
 + Level 10.0 Fighting
 + Level 8.4 Axes
 + Level 9.7 Armour
 + Level 7.4 Dodging


You had 10 spell levels left.
You didn't know any spells.
Your spell library was empty.

Dungeon Overview and Level Annotations

Branches:
Dungeon (10/15)            Temple (1/1) D:4            Lair (0/6) D:9
    Orc (0/2) D:9

Altars:
Ashenzari
Cheibriados
Dithmenos
Elyvilon
Fedhas
Gozag
Hepliaklqana
Kikubaaqudgha
Nemelex Xobeh
Okawaru
Sif Muna
Trog
Vehumet
Yredelemnul
Zin
The Shining One

Shops:
D:6 [

Annotations:
D:8 1 runed translucent door
D:10 Urug


Innate Abilities, Weirdness & Mutations

You are resistant to torment.
Your stone body is resilient. (AC +8)
You are immune to poison.
You resist negative energy. (rN+)
You are resistant to electric shocks. (rElec)
You can survive without breathing.
You are immune to petrification.
You are immune to rotting.


Message History

You slash the centaur!
You feel the power of Trog in you as your rage grows.
You kill the centaur!
Trog accepts your kill.
You slash Urug!
The two-headed ogre barely misses you. x2
Urug closely misses you.
You slice the two-headed ogre!!
You kill the two-headed ogre!
Trog accepts your kill.
Your Fighting skill increases to level 10!
You barely miss Urug. You slice the big kobold!!
The big kobold hits you but does no damage.
You closely miss Urug.
Urug is heavily wounded.
You closely miss the iguana. You barely miss the big kobold.
Urug hits you with a +3 great sword of slicing.
* * * LOW HITPOINT WARNING * * *
The big kobold hits you but does no damage.
The iguana bites you.
You die...

#.# #.# #.# #.# # #.#
.# #.# ####'##
###'##### .......
#.......# #####o......
#.#####.###..(@lK.....
#.#...).#...###K......
# #####.'.### K......
#.### ....... #.#
....... ..# .......
#### ....... .......


You could see Urug, a big kobold, an iguana and 2 kobolds.

Vanquished Creatures
  Harold (D:9)
  2 two-headed ogres
  Maurice (D:9)
  A centaur skeleton (D:10)
  A troll (D:9)
  Grinder (D:3)
  Prince Ribbit (D:5)
  Sigmund (D:6)
  A water moccasin (D:7)
  4 orc warriors
  2 sky beasts
  3 phantoms
  A necrophage (D:9)
  2 ice beasts
  8 ogres
  7 centaurs
  6 bullfrogs
  Blork the orc (D:6)
  3 scorpions
  3 wights (D:6)
  6 crimson imps
  6 hounds
  2 bullfrog skeletons
  9 orc priests
  Jessica (D:9)
  An iguana (D:8)
  7 worker ants
  11 orc wizards
  2 worker ant zombies
  Robin (D:2)
  A howler monkey skeleton (D:4)
  A howler monkey zombie (D:7)
  17 gnolls
  7 river rats (D:6)
  14 adders
  3 shadow imps
  An ooze (D:4)
  4 adder skeletons
  6 worms
  5 dart slugs
  5 leopard geckos
  47 orcs
  2 giant cockroaches
  14 goblins
  12 hobgoblins
  12 jackals
  4 kobolds
  8 quokkas
  2 ball pythons (D:3)
  8 bats
  4 frilled lizards
  A leopard gecko skeleton (D:8)
  A quokka zombie (D:5)
  21 rats
296 creatures vanquished.

Vanquished Creatures (others)
  An orc wizard (D:7)
1 creature vanquished.

Grand Total: 297 creatures vanquished

Notes
Turn   | Place    | Note
-------+----------+-------------------------------------------
     0 | D:1      | Fang the Gargoyle Berserker began the quest for the Orb.
     0 | D:1      | Reached XP level 1. HP: 14/14 MP: 1/1
   170 | D:1      | Reached XP level 2. HP: 18/19 MP: 2/2
   624 | D:2      | Reached XP level 3. HP: 24/24 MP: 3/3
   718 | D:2      | Noticed Robin
   721 | D:2      | Reached XP level 4. HP: 27/29 MP: 4/4
   726 | D:2      | Reached ** piety under Trog
   730 | D:2      | Killed Robin
   730 | D:2      | Reached skill level 4 in Fighting
  1243 | D:2      | Reached XP level 5. HP: 28/33 MP: 5/5
  1250 | D:2      | Found a white marble altar of Elyvilon.
  1540 | D:3      | Noticed Grinder
  1553 | D:3      | Killed Grinder
  1553 | D:3      | Reached XP level 6. HP: 9/40 MP: 6/6
  1928 | D:3      | Reached skill level 5 in Fighting
  2246 | D:3      | Reached XP level 7. HP: 35/44 MP: 7/7
  2674 | D:4      | Reached *** piety under Trog
  2807 | D:4      | Reached skill level 5 in Armour
  2978 | D:4      | Reached XP level 8. HP: 29/51 MP: 8/8
  3396 | D:4      | Found a staircase to the Ecumenical Temple.
  3404 | D:4      | Reached skill level 5 in Axes
  3415 | Temple   | Entered the Ecumenical Temple
  3468 | D:4      | Reached skill level 6 in Fighting
  4084 | D:5      | Entered Level 5 of the Dungeon
  4574 | D:5      | Found an opulent altar of Gozag.
  4801 | D:5      | Found a shattered altar of Ashenzari.
  4873 | D:5      | Found a bloodstained altar of Trog.
  4883 | D:5      | Reached XP level 9. HP: 33/56 MP: 9/9
  5038 | D:5      | Noticed Prince Ribbit
  5060 | D:5      | Killed Prince Ribbit
  5060 | D:5      | Reached **** piety under Trog
  5060 | D:5      | Reached skill level 7 in Fighting
  5060 | D:5      | Reached skill level 5 in Dodging
  5613 | D:6      | Reached ***** piety under Trog
  5790 | D:6      | Found Leemukk's Armour Boutique.
  5819 | D:6      | Noticed Blork the orc
  5827 | D:6      | Killed Blork the orc
  5972 | D:6      | Noticed Sigmund
  6001 | D:6      | Killed Sigmund
  6017 | D:6      | Found a hazy altar of Hepliaklqana.
  6208 | D:7      | Reached skill level 8 in Fighting
  6350 | D:7      | Reached XP level 10. HP: 43/64 MP: 10/10
  6495 | D:7      | Received a gift from Trog
  7302 | D:8      | Found an iron altar of Okawaru.
  7686 | D:8      | Found a runed translucent door.
  7686 | D:8      | Noticed a centaur warrior
  7686 | D:8      | Noticed a manticore
  7688 | D:8      | Noticed a rakshasa
  7688 | D:8      | Noticed a manticore
  7688 | D:8      | Noticed a yaktaur captain
  7688 | D:8      | Noticed a cyclops
  7688 | D:8      | Identified the ring of the Scavenger {*Corrode +Inv rElec
                  | rF- Int+2}
  7688 | D:8      | Noticed a centaur warrior
  7955 | D:8      | Noticed an ettin
  8035 | D:9      | Noticed a two-headed ogre
  8048 | D:9      | Killed a two-headed ogre
  8048 | D:9      | Reached skill level 9 in Fighting
  8432 | D:9      | Found a staircase to the Orcish Mines.
  8492 | D:9      | Found a staircase to the Lair.
  8831 | D:9      | Noticed Harold
  8848 | D:9      | Killed Harold
  8973 | D:9      | Reached XP level 11. HP: 56/71 MP: 3/11
  9129 | D:9      | Found a bloodstained altar of Trog.
  9313 | D:9      | Noticed Maurice
  9333 | D:9      | Killed Maurice
  9396 | D:9      | Noticed Jessica
  9405 | D:9      | Killed Jessica
  9408 | D:9      | Found a deep blue altar of Sif Muna.
  9495 | D:9      | Found a snail-covered altar of Cheibriados.
  9495 | D:9      | Found a shadowy altar of Dithmenos.
  9515 | D:10     | Entered Level 10 of the Dungeon
  9592 | D:10     | Noticed Urug
  9592 | D:10     | Noticed a two-headed ogre
  9603 | D:10     | HP: 4/108 [Urug/+3 great sword of slicing (5)]
  9607 | D:10     | Killed a two-headed ogre
  9607 | D:10     | Reached skill level 10 in Fighting
  9608 | D:10     | HP: 2/108 [Urug/+3 great sword of slicing (2)]
  9608 | D:10     | Slain by an iguana

Skill      XL: |  1  2  3  4  5  6  7  8  9 10 11 |
---------------+----------------------------------+-----
Axes           | 3 4 5 6 8 |  8.4
Dodging        | 2 3 4 5 7 |  7.4
Armour         | 3 4 5 6 7 9 |  9.7
Fighting       | 4 5 6 8 9 10 | 10.0

Action                   |  1- 3 |  4- 6 |  7- 9 | 10-12 || total
-------------------------+-------+-------+-------+-------++-------
Melee: Hand axe          |    73 |   163 |   198 |       ||   434
       War axe           |       |       |   322 |    28 ||   350
       Battleaxe         |       |       |       |   266 ||   266
Invok: Berserk           |     1 |     3 |    11 |     4 ||    19
       Trog's Hand       |       |     1 |       |       ||     1
  Use: Scroll            |       |       |    16 |     7 ||    23
  Eat: Chunk             |       |     9 |    24 |    14 ||    47
Armor: Animal skin       |    15 |    63 |    18 |       ||    96
       Chain mail        |       |       |   122 |       ||   122
       Plate armour      |       |       |   222 |   255 ||   477
Dodge: Dodged            |    74 |   160 |   305 |   198 ||   737
